 Dungeon Crawl Stone Soup version 0.30.0-29-ga12c61a403 (webtiles) character file.

Game seed: 4348853790894256728

400 seaoflcl the Slasher (level 7, -1/52 HPs)
             Began as a Human Gladiator on June 4, 2023.
             Was an Initiate of Ru.
             Slain by a gnoll
             ... wielding a +0 whip
              (11 damage)
             ... on level 5 of the Dungeon.
             The game lasted 00:07:50 (3903 turns).

seaoflcl the Slasher (Human Gladiator)              Turns: 3903, Time: 00:07:51

Health: -1/52      AC: 14    Str: 16    XL:     7   Next: 10%
Magic:  0/7        EV:  2    Int:  8    God:    Ru [......]
Gold:   211        SH:  0    Dex: 15    Spells: 6/6 levels left

rFire   . . .        a - +0 long sword
rCold   . . .        (no shield)
rNeg    . . .        n - +0 plate armour
rPois   .            c - +0 helmet
rElec   .            b - +0 cloak
rCorr   .            (no gloves)
SInv    .            i - +0 pair of boots
Will    .....        x - amulet of guardian spirit Stlth
                     (no ring)
HPRegen 0.28/turn    (no ring)
MPRegen 0.10/turn

%: guardian spirit
@: sleeping
A: no striking features
a: Renounce Religion


You were on level 5 of the Dungeon.
You worshipped Ru.
Ru was noncommittal.
You visited 1 branch of the dungeon, and saw 6 of its levels.

You collected 239 gold pieces.
You spent 28 gold pieces at shops.

Inventory:

Hand Weapons
 a - a +0 long sword (weapon)
 u - a +1 sling of freezing
Missiles
 d - 2 throwing nets (quivered)
 e - a javelin
 v - 4 poisoned darts
Armour
 b - a +0 cloak (worn)
 c - a +0 helmet (worn)
 i - a +0 pair of boots (worn)
 n - a +0 plate armour (worn)
Jewellery
 x - an amulet of guardian spirit (around neck)
Wands
 s - a wand of acid (7)
Scrolls
 g - a scroll of magic mapping {unknown}
 m - 2 scrolls of noise {unknown}
 r - a scroll of immolation {unknown}
 t - a scroll of enchant armour {unknown}
 w - 2 scrolls of identify
 y - a scroll of blinking {unknown}
Potions
 f - a potion of berserk rage
 h - 2 potions of might {unknown}
 j - a potion of mutation
 k - 4 potions of cancellation {unknown}
 l - 5 potions of curing {unknown}
 o - a potion of degeneration {unknown}
 p - 2 potions of heal wounds
 q - a potion of magic {unknown}
 z - a potion of lignification {unknown}


   Skills:
 + Level 3.3 Fighting
 * Level 5.0 Long Blades
 + Level 3.3 Throwing
 + Level 2.0 Armour
 - Level 4.1 Dodging


You had 6 spell levels left.
You didn't know any spells.
Your spell library contained the following spells:

 Spells                   Type           Power      Damage    Failure   Level
 Freeze                   Ice            0%         1d3       100%        1
 Ensorcelled Hibernation  Hex/Ice        0%         N/A       100%        2
 Poisonous Vapours        Pois/Air       0%         N/A       100%        2
 Frozen Ramparts          Ice            0%         1d1       100%        3
 Hailstorm                Conj/Ice       0%         3d3       100%        3
 Mephitic Cloud           Conj/Pois/Air  0%         N/A       100%        3
 Spider Form              Tmut/Pois      0%         N/A       100%        3
 Anguish                  Hex/Necr       0%         N/A       100%        4
 Freezing Cloud           Conj/Ice/Air   0%         6-21      100%        5


Dungeon Overview and Level Annotations

Branches:
Dungeon (6/15)
 Temple: D:4-7

Altars:
Cheibriados
Kikubaaqudgha
Makhleb
Nemelex Xobeh
Ru
Wu Jian

Shops:
D:1 =   D:3 ?   D:4 *:

Annotations:
D:5 3 runed translucent doors, Kamelo's ghost, novice GrEE


Message History

The gnoll hits you with a +0 spear. The gnoll completely misses you.
The sleepcap barely misses you. The gnoll hits you but does no damage.
You hit the sleepcap.
The sleepcap is severely damaged.
The gnoll hits you but does no damage. The sleepcap barely misses you.
The gnoll completely misses you.
The gnoll hits you from afar with a +0 spear.
The gnoll barely misses you.
The gnoll hits you from afar with a +0 spear.
The sleepcap releases spores at you but does no damage.
The gnoll barely misses you.
You closely miss the gnoll. The gnoll barely misses you.
The gnoll hits you but does no damage.
The sleepcap releases spores at you but does no damage.
The gnoll hits you with a +0 whip. The gnoll attacks as you move away!
The gnoll hits you with a +0 spear.
The gnoll hits you but does no damage. x3
The sleepcap attacks as you move away!
The sleepcap releases spores at you but does no damage.
The gnoll barely misses you.
There is a stone staircase leading up here.
The gnoll hits you from afar with a +0 spear.
The gnoll hits you from afar with a +0 spear!
* * * LOW HITPOINT WARNING * * *
The sleepcap releases spores at you but does no damage.
You climb upwards.
Level annotation: 3 runed translucent doors, Kamelo's ghost, novice GrEE
There is a stone staircase leading down here.
You hit the gnoll.
The gnoll is heavily wounded.
The sleepcap releases spores at you but does no damage.
The gnoll barely misses you.
You hit the gnoll.
The gnoll is almost dead.
The sleepcap releases spores at you.
* * * LOW HITPOINT WARNING * * *
You are engulfed in a cloud of soporific spores!
You fall asleep.
The gnoll hits you with a +0 whip!
You die...

#....#####....##.##.##.#
#....oo.Woo.$.##..)))..#
#######+++#######...(..##
#8.............8#......#
#......................#
###
########.#.............#
#.. #..#.#..##......# #.#
#.##f##.##.###### #.#
#.##.@g.##.# #.#
#.##.##.##.# #.#
##.#.......# #.#
##...###.##########.#
##.....#.##......#.#
######.###.####.#.#
#............#
#####.####.### #......#


You could see a sleepcap, an orc priest, Kamelo's ghost, a gnoll and 3 orcs.

Vanquished Creatures
  An ogre (D:5)
  A phantom (D:5)
  A hound (D:5)
  A sleepcap (D:5)
  An iguana (D:4)
  2 orc wizards (D:4)
  A gnoll (D:1)
  An adder (D:4)
  An ufetubus (D:4)
  2 worms
  2 dart slugs (D:3)
  7 orcs
  4 bats
  3 endoplasms
  3 giant cockroaches
  4 goblins
  8 hobgoblins
  6 jackals (D:1)
  5 quokkas
  5 ball pythons
  2 frilled lizards (D:1)
  5 kobolds
  4 rats
70 creatures vanquished.

Notes
Turn   | Place    | Note
-------+----------+-------------------------------------------
     0 | D:1      | seaoflcl the Human Gladiator began the quest for the Orb.
     0 | D:1      | Reached XP level 1. HP: 16/16 MP: 1/1
   306 | D:1      | Reached XP level 2. HP: 19/22 MP: 2/2
   429 | D:1      | Reached XP level 3. HP: 4/27 MP: 3/3
   544 | D:1      | Found Solonogank's Jewellery Shoppe.
  1274 | D:2      | Found a faded altar of an unknown god.
  1399 | D:2      | Reached XP level 4. HP: 17/34 MP: 4/4
  1629 | D:3      | Found Oretiuxt's Magic Scroll Shop.
  1637 | D:3      | Bought a scroll of identify for 28 gold pieces
  2269 | D:4      | Found a sacrificial altar of Ru.
  2271 | D:4      | Found a burning altar of Makhleb.
  2276 | D:4      | Became a worshipper of Ru the Awakened
  2321 | D:4      | Found an ornate altar of the Wu Jian Council.
  2324 | D:4      | Found a snail-covered altar of Cheibriados.
  2329 | D:4      | Found an ancient bone altar of Kikubaaqudgha.
  2334 | D:4      | Found a sparkling altar of Nemelex Xobeh.
  2398 | D:4      | Reached skill level 4 in Long Blades
  2398 | D:4      | Reached XP level 5. HP: 18/39 MP: 5/5
  2470 | D:4      | Reached skill level 1 in Armour
  2671 | D:4      | Found Neyk Ene's Mayhem Merchandise.
  2937 | D:4      | Found Nockytar's Tiny Tomes.
  3051 | D:5      | Entered Level 5 of the Dungeon
  3060 | D:5      | Noticed an ogre
  3082 | D:5      | Reached XP level 6. HP: 42/47 MP: 6/6
  3095 | D:5      | Killed an ogre
  3392 | D:5      | Found a runed translucent gate.
  3393 | D:5      | Noticed Kamelo's ghost (novice GrEE)
  3393 | D:5      | Found a runed translucent gate.
  3394 | D:5      | Found a runed translucent gate.
  3715 | D:5      | Reached skill level 5 in Long Blades
  3715 | D:5      | Reached XP level 7. HP: 39/52 MP: 4/7
  3903 | D:5      | Slain by a gnoll

Illustrated notes

Levels and vault maps discovered:
D:1:      dpeg_arrival_rhombi, layout_loops_ring, serial_shops,
          nicolae_shop_tiny_glass, minmay_liquid_box
D:2:      layout_rooms, shapermc_ecumenical_altar_pompeii
D:3:      layout_rooms, serial_shops, shop_scrolls,
          nicolae_kite_square_tiling_tiny, grunt_decor_arrowhead
D:4:      layout_cave_pools, nicolae_overflow_hallway_of_the_gods,
          serial_column_ruins, column_ruins_hut_ruined, column_ruins_hut_ruined,
          column_ruins_grid_1, column_ruins_open_tiny,
          column_ruins_columns_straight, column_ruins_corridor_straight,
          column_ruins_columns_straight, minmay_misc_feat_columns,
          minmay_shop_mayhem, nicolae_shop_i_like_small_books_too
D:5:      layout_loops_cross, biasface_ghost_orc_armoury
D:6:      layout_cave_pools, general_overflow_altar, ebering_ghost_sewer_d,
          serial_shops, shop, nicolae_shop_bloodbath_and_beyond, uniq_edmund,
          uniq_sigmund

Skill      XL: |  1  2  3  4  5  6 |
---------------+-------------------+-----
Long Blades    | 4 5 |  5.0
Armour         | 1 2 |  2.0
Fighting       | 3 |  3.3
Throwing       | 3 |  3.3
Dodging        | 4 |  4.1

Action                     |  1- 3 |  4- 6 |  7- 9 || total
---------------------------+-------+-------+-------++-------
  Melee: Long sword        |   101 |   180 |     9 ||   290
         Punch             |       |     1 |       ||     1
  Throw: Javelin           |     1 |       |       ||     1
         Throwing net      |     1 |       |       ||     1
         Dart              |       |     4 |       ||     4
    Use: Scroll            |       |     4 |       ||     4
         Potion            |       |     2 |       ||     2
 Armour: Leather armour    |    17 |       |       ||    17
         Plate armour      |    11 |   177 |    22 ||   210
  Dodge: Dodged            |    82 |    50 |    15 ||   147
